 Dungeon Crawl Stone Soup version 0.28-a0-425-gd0eccab798 (webtiles) character file.

Game seed: 17761416182189646604

547 rogsnak the Magician (level 7, -1/52 HPs)
             Began as a White Draconian Fire Elementalist on Sept 9, 2021.
             Slain by an orc warrior (10 damage)
             ... on level 4 of the Dungeon.
             The game lasted 00:05:45 (4322 turns).

rogsnak the Magician (DrFE)                         Turns: 4322, Time: 00:05:45

Health: -1/52      AC:  6    Str: 10    XL:     7   Next: 7%
Magic:  13/13      EV: 12    Int: 18    God:
Gold:   155        SH:  0    Dex: 11    Spells: 7/14 levels left

rFire   . . .      SeeInvis .   e - +0 whip (venom)
rCold   + . .      Faith    .   (no shield)
rNeg    . . .      Spirit   .   (armour unavailable)
rPois   .          Reflect  .   (helmet restricted)
rElec   .          Harm     .   (no cloak)
rCorr   .          Rampage  .   (no gloves)
Will    .....                   (no boots)
Stlth   ++........              (no amulet)
HPRegen 0.17/turn               a - ring of wizardry
MPRegen 0.13/turn               (no ring)

@: no status effects
A: breathe frost, AC +6, unfitting armour, cold resistance 1, cold-blooded
a: Breathe Frost


You were on level 4 of the Dungeon.
You visited 1 branch of the dungeon, and saw 4 of its levels.

You collected 155 gold pieces.

Inventory:

Hand Weapons
 b - a +0 trident
 e - a +0 whip of venom (weapon)
Jewellery
 a - a ring of wizardry (left hand)
Wands
 m - a wand of mindburst (17)
Scrolls
 c - 5 scrolls of identify {unknown}
 g - a scroll of holy word {unknown}
 l - 2 scrolls of teleportation {unknown}
Potions
 d - 2 potions of cancellation {unknown}
 f - 2 potions of curing {unknown}
 h - a potion of flight {unknown}
 i - 2 potions of heal wounds {unknown}
 j - a potion of might {unknown}
 k - a potion of haste {unknown}


   Skills:
 + Level 1.1 Fighting
 + Level 1.6 Maces & Flails
 + Level 2.9 Dodging
 - Level 2.0 Stealth
 + Level 4.1 Spellcasting
 * Level 3.9 Conjurations
 + Level 3.6 Fire Magic


You had 7 spell levels left.
You knew the following spells:

 Your Spells              Type           Power      Damage    Failure   Level
a - Foxfire               Conj/Fire      68%        2x1d7     1%          1
b - Scorch                Fire           32%        2d7       1%          2
c - Flame Wave            Conj/Fire      17%        3d5       12%         4

Your spell library contained the following spells:

 Spells                   Type           Power      Damage    Failure   Level
 Conjure Flame            Conj/Fire      17%        6-21      4%          3
 Inner Flame              Hex/Fire       10%        N/A       9%          3


Dungeon Overview and Level Annotations

Branches:
Dungeon (4/15)
 Temple: D:4-7

Altars:
Kikubaaqudgha
Nemelex Xobeh
Trog
The Shining One


Innate Abilities, Weirdness & Mutations

You can breathe waves of freezing cold which knock back foes.
Your icy white scales are hard. (AC +6)
You cannot fit into any form of body armour.
Your flesh is cold resistant. (rC+)
You are cold-blooded and may be slowed by cold attacks.


Message History

3 orcs, an orc priest and an orc wizard come into view.
Found 18 stones.
The orc shouts!
The orc wizard shouts!
The orc shouts!
The orc wizard casts a spell at you. You resist with some effort.
An orc warrior comes into view. It is wielding a +0 mace.
You hear a shout!
The orc priest shouts!
An orc comes into view. It is wielding a +0 falchion.
The orc shouts! x2
The orc priest looks encouraged for a moment.
The orc warrior hits you with a +0 mace!
You barely miss the orc.
The teleport trap disappears.
The orc priest disappears!
The orc priest reappears nearby!
The orc closely misses you.
The orc warrior hits you with a +0 mace!
The orc hits you but does no damage.
You hit the orc but do no damage.
The orc is poisoned.
The orc warrior hits you with a +0 mace!
The orc barely misses you.
The orc priest invokes the aid of Beogh against you.
Beogh smites you!
You hit the orc wizard but do no damage.
The orc wizard is poisoned.
The orc misses you.
The orc hits you from afar with a +0 trident.
The orc warrior barely misses you.
You hit the orc wizard.
The orc wizard looks as sick as possible!
The orc wizard is lightly wounded.
The orc closely misses you.
The orc wizard hits you but does no damage.
The orc warrior hits you with a +0 mace.
* * * LOW HITPOINT WARNING * * *
The orc hits you from afar with a +0 trident.
* * * LOW HITPOINT WARNING * * *
You closely miss the orc wizard.
The orc wizard is moderately wounded.
The orc barely misses you.
The orc wizard hits you but does no damage.
The orc warrior hits you with a +0 mace!
You die...

..#..####.... ..# #.#..##.....
..# # #....#.....# ..# ###.
#..........# ##..# ...#
#.†....#...# #...# .
#..###.....##...# ####>..#
#.(#.oo#.....##...# #.##...#
#....oo#..........# ...<...#
...$(oo@....###...# ...†...#
..###.o#....# ###.# .......#
##.#.....###..## ##.......####
###.......###.#### .##....###...
#...##...#.....# .............
......#...##...## ###..........#
..###.#...##...##.
..............##..#..............
......##.###.............#.......


You could see an orc warrior, an orc priest, an orc wizard (extremely poisoned)
and 4 orcs.

Vanquished Creatures
  A wyvern (D:4)
  A bullfrog (D:3)
  A howler monkey (D:4)
  A crimson imp (D:3)
  A jelly (D:4)
  An orc priest (D:3)
  An iguana (D:4)
  Robin (D:3)
  3 gnolls (D:3)
  2 adders
  A worm (D:2)
  2 dart slugs (D:4)
  9 orcs (D:3)
  5 ball pythons
  12 bats
  4 endoplasms
  2 giant cockroaches (D:1)
  14 goblins
  13 hobgoblins
  8 jackals (D:1)
  4 kobolds
  A quokka (D:1)
  A frilled lizard (D:2)
  3 goblin skeletons (D:3)
  A goblin zombie (D:3)
  2 hobgoblin zombies (D:3)
  3 kobold skeletons (D:3)
  A kobold zombie (D:3)
  An orc skeleton (D:3)
  An orc zombie (D:3)
  4 rats
105 creatures vanquished.

Vanquished Creatures (others)
  257 foxfires
257 creatures vanquished.

Grand Total: 362 creatures vanquished

Notes
Turn   | Place    | Note
-------+----------+-------------------------------------------
     0 | D:1      | rogsnak the Draconian Fire Elementalist began the quest for
                  | the Orb.
     0 | D:1      | Reached XP level 1. HP: 14/14 MP: 3/3
   489 | D:1      | Reached XP level 2. HP: 19/20 MP: 1/5
   647 | D:1      | Found a faded altar of an unknown god.
  1244 | D:1      | Reached XP level 3. HP: 20/26 MP: 3/6
  2533 | D:3      | Learned a level 2 spell: Scorch
  2550 | D:3      | Reached XP level 4. HP: 33/33 MP: 4/8
  2633 | D:3      | Found a glowing golden altar of the Shining One.
  2792 | D:3      | Reached XP level 5. HP: 31/39 MP: 4/9
  2804 | D:3      | Reached skill level 3 in Spellcasting
  3147 | D:3      | Found a bloodstained altar of Trog.
  3448 | D:3      | Noticed Robin
  3497 | D:3      | Reached XP level 6. HP: 27/46 MP: 8/11
  3508 | D:3      | Killed Robin
  3643 | D:3      | Found a sparkling altar of Nemelex Xobeh.
  3652 | D:3      | Found an ancient bone altar of Kikubaaqudgha.
  3943 | D:4      | Reached skill level 1 in Maces & Flails
  4108 | D:4      | Learned a level 4 spell: Flame Wave
  4142 | D:4      | Noticed a wyvern
  4146 | D:4      | Killed a wyvern
  4147 | D:4      | Reached skill level 1 in Fighting
  4147 | D:4      | Reached skill level 4 in Spellcasting
  4238 | D:4      | Your scales start taking on an icy white colour.
  4238 | D:4      | Reached XP level 7. HP: 52/52 MP: 8/13
  4238 | D:4      | Gained mutation: Your flesh is cold resistant. (rC+) [White
                  | Draconian growth]
  4322 | D:4      | Slain by an orc warrior

Illustrated notes

Levels and vault maps discovered:
D:1:      lightli_arrival_farm, layout_loops_corners,
          chequers_ecumenical_altar_island
D:2:      layout_rooms, dk_noncrumbling_2, guppyfry_early_lair_pool
D:3:      layout_loops_cross, nicolae_tso_besieged_by_evil,
          trog_three_pillars_becter, mainiacjoe_overflow_swirl, uniq_robin
D:4:      layout_cave_pools, okawaru_altar_gauntlet_db, lightli_temple_of_fire,
          serial_column_ruins, column_ruins_square_small, column_ruins_hut,
          column_ruins_grid_1, column_ruins_open_large, column_ruins_open_tiny,
          column_ruins_corridor_straight, column_ruins_corridor_plus,
          column_ruins_corridor_straight, column_ruins_corridor_straight,
          guppyfry_early_orc_mine, uniq_grinder

Skill      XL: |  1  2  3  4  5  6 |
---------------+-------------------+-----
Stealth        | 2 |  2.0
Dodging        | 2 |  2.9
Conjurations   | 2 3 |  3.9
Spellcasting   | 3 4 |  4.1
Fire Magic     | 4 3 |  3.6
Maces & Flails | 1 |  1.6
Fighting       | 1 |  1.1

Action                   |  1- 3 |  4- 6 |  7- 9 || total
-------------------------+-------+-------+-------++-------
Melee: Unarmed           |    24 |       |       ||    24
       Tailslap          |     3 |     9 |       ||    12
       Trident           |    14 |       |       ||    14
       Whip              |    16 |   109 |     8 ||   133
 Cast: Foxfire           |    73 |    86 |     4 ||   163
       Scorch            |       |     2 |       ||     2
 Stab: Sleeping          |     1 |       |       ||     1
Armor: Skin              |    23 |    43 |     3 ||    69
Dodge: Dodged            |    61 |    74 |     9 ||   144

Table legend: (Time is in decaauts)
 A = Elapsed time spent in this place.
 B = Non-inter-level travel time spent in this place.
 C = Inter-level travel time spent in this place.
 D = Time resting spent in this place.
 E = Time spent auto-exploring this place.
 F = Levels seen in this place.
 G = Mean time per level.
                   A        B        C        D        E       F      G
               +--------+--------+--------+--------+--------+-----+--------+
         Total |   4351 |   4262 |     89 |    194 |   3313 |   4 | 1087.8 |
       Dungeon |   4351 |   4262 |     89 |    194 |   3313 |   4 | 1087.8 |
               +--------+--------+--------+--------+--------+-----+--------+

Top non-repeatable levels by time:
     D:1: 1849 daAuts
     D:3: 1459 daAuts
     D:2: 655 daAuts
     D:4: 387 daAuts
